 Dungeon Crawl Stone Soup version 0.28-a0-704-g4d584c6bc1 (webtiles) character file.

Game seed: 9333861793588447354

63378 Conn the Destroyer (level 15, -2/90 HPs)
             Began as an Octopode Fire Elementalist on Oct 24, 2021.
             Was an Elder of Sif Muna.
             Succumbed to naga's concentrated venom
             ... on level 1 of the Snake Pit.
             The game lasted 01:21:03 (24479 turns).

Conn the Destroyer (Octopode Fire Elementalist)    Turns: 24479, Time: 01:21:04

Health: -2/90      AC:  9    Str: 11    XL:     15   Next: 9%
Magic:  17/40      EV: 18    Int: 35    God:    Sif Muna [****..]
Gold:   187        SH:  6    Dex: 10    Spells: 3/38 levels left

rFire   + . .      SeeInvis +   b - +7 spear of Bocy {protect, rF+}
rCold   + . .      Faith    .   H - +3 buckler {rN+}
rNeg    + . .      Spirit   .   (helmet restricted)
rPois   .          Reflect  .   t - amulet of regeneration
rElec   .          Harm     .   Z - ring of protection from cold
rCorr   .          Rampage  .   p - ring of see invisible
Will    +....                   e - +4 ring of evasion
Stlth   ++++++....              A - ring of magical power
HPRegen 1.25/turn               W - +4 ring of protection
MPRegen 0.27/turn               h - +4 ring of protection
                                q - +6 ring of intelligence
                                d - ring "Ucuogaump" {Str+3 Int+6 Dex-3 Slay+4 Stlth+}

@: lethally poisoned (-2 -> -23), slowed, very slow
A: almost no armour, amphibious, 8 rings, camouflage 1, gelatinous body 1,
(nimble swimmer 1), tentacles
a: Renounce Religion, Channel Magic, Forget Spell, Divine Exegesis


You were on level 1 of the Snake Pit.
You worshipped Sif Muna.
Sif Muna was greatly pleased with you.
You visited 5 branches of the dungeon, and saw 22 of its levels.

You collected 1861 gold pieces.
You spent 1674 gold pieces at shops.

Inventory:

Hand Weapons
 b - the +7 spear of Bocy (weapon) {protect, rF+}
   (You found it on level 8 of the Dungeon)

   It grants its wielder temporary protection when it strikes (+7 to AC).
   rF:        It protects you from fire.
 z - the +4 halberd "Seiqogg" {vorpal, rCorr Dex+4}
   (You bought it in a shop on level 2 of the Orcish Mines)

   It inflicts extra damage upon your enemies.
   Dex:       It affects your dexterity (+4).
   rCorr:     It protects you from acid and corrosion.
Missiles
 f - a curare-tipped dart (quivered)
 i - 86 poisoned darts
Armour
 H - a +3 buckler of positive energy (worn)
 Y - a +3 kite shield of cold resistance
Magical Staves
 a - a staff of conjuration
Jewellery
 d - the ring "Ucuogaump" (on tentacle) {Str+3 Int+6 Dex-3 Slay+4 Stlth+}
   (You acquired it on level 3 of the Dungeon)

   [ring of slaying]

   Str:       It affects your strength (+3).
   Int:       It affects your intelligence (+6).
   Dex:       It affects your dexterity (-3).
   Slay:      It affects your accuracy & damage with ranged weapons and melee
   (+4).
   Stlth:     It makes you more stealthy.
 e - a +4 ring of evasion (on tentacle)
 g - a +4 ring of protection
 h - a +4 ring of protection (on tentacle)
 p - a ring of see invisible (right tentacle)
 q - a +6 ring of intelligence (on tentacle)
 t - an amulet of regeneration (around mantle)
 y - a ring of ice
 A - a ring of magical power (on tentacle)
 D - a ring of positive energy
 Q - a +6 ring of intelligence
 R - a ring of flight
 W - a +4 ring of protection (on tentacle)
 X - a +6 ring of dexterity
 Z - a ring of protection from cold (left tentacle)
Wands
 n - a wand of digging (11)
 o - a wand of paralysis (12)
 v - a wand of polymorph (10)
 x - a wand of iceblast (18)
 G - a wand of flame (72)
Scrolls
 l - 7 scrolls of teleportation
 s - 2 scrolls of vulnerability
 B - 8 scrolls of identify
 F - a scroll of immolation
 I - a scroll of enchant weapon
 J - 2 scrolls of fog
 K - 2 scrolls of blinking
 M - a scroll of magic mapping
 N - 2 scrolls of amnesia
 S - a scroll of silence
 T - a scroll of holy word
Potions
 c - 3 potions of resistance
 j - 5 potions of lignification
 k - 3 potions of flight
 m - a potion of ambrosia
 r - a potion of brilliance
 u - 2 potions of magic
 w - a potion of might
 O - 2 potions of curing
 P - a potion of cancellation
 U - a potion of mutation
Miscellaneous
 E - a condenser vane


   Skills:
 + Level 3.9 Fighting
 + Level 2.4(3.5) Short Blades
 + Level 3.9(4.3) Long Blades
 + Level 3.6 Polearms
 + Level 0.1(2.1) Staves
 + Level 5.7 Dodging
 + Level 8.2 Stealth
 * Level 1.1 Shields
 + Level 12.2 Spellcasting
 * Level 13.4 Conjurations
 + Level 2.8 Hexes
 * Level 3.7 Translocations
 + Level 11.5 Fire Magic
 + Level 3.5 Earth Magic
 * Level 9.8 Invocations


You had 3 spell levels left.
You knew the following spells:

 Your Spells              Type           Power      Damage    Failure   Level
a - Foxfire               Conj/Fire      100%       2x1d9     0%          1
b - Conjure Flame         Conj/Fire      83%        6-21      1%          3
c - Inner Flame           Hex/Fire       64%        N/A       1%          3
d - Flame Wave            Conj/Fire      83%        3d14      1%          4
e - Sticky Flame          Conj/Fire      83%        2d9       1%          4
f - Scorch                Fire           100%       2d10      1%          2
g - Stone Arrow           Conj/Erth      100%       3d13      1%          3
h - Iskenderun's Mystic   Conj/Tloc      69%        2d14      1%          4
i - Dispersal             Tloc           23%        N/A       67%         6
j - Fireball              Conj/Fire      41%        3d17      1%          5

Your spell library contained the following spells:

 Spells                   Type           Power      Damage    Failure   Level
 Searing Ray              Conj           100%       2d8       0%          2
 Apportation              Tloc           94%        N/A       1%          1
 Sandblast                Erth           92%        2d19      1%          1
 Passwall                 Tmut/Erth      27%        N/A       1%          2
 Gell's Gravitas          Tloc           23%        N/A       1%          3
 Ignite Poison            Fire/Tmut/Pois 48%        N/A       1%          3
 Teleport Other           Tloc           47%        N/A       1%          3
 Animate Skeleton         Necr           42%        N/A       2%          1
 Beastly Appendage        Tmut           42%        N/A       2%          1
 Pain                     Necr           84%        1d8       2%          1
 Summon Small Mammal      Summ           84%        N/A       2%          1
 Ensorcelled Hibernation  Hex/Ice        62%        N/A       2%          2
 Poisonous Vapours        Pois/Air       42%        N/A       4%          2
 Wereblood                Tmut           21%        N/A       4%          2
 Spider Form              Tmut/Pois      10%        N/A       9%          3
 Swiftness                Air            21%        N/A       9%          3
 Vampiric Draining        Necr           10%        2d7       9%          3
 Fulminant Prism          Conj/Hex       34%        3d16      1%          4
 Starburst                Conj/Fire      41%        6d12      2%          6
 Irradiate                Conj/Tmut      31%        3d23      4%          5
 Passage of Golubria      Tloc           47%        N/A       6%          4
 Leda's Liquefaction      Hex/Erth       21%        N/A       8%          4
 Iron Shot                Conj/Erth      34%        9d7       13%         6
 Lee's Rapid Deconstruct  Erth           23%        3d14*     19%         5
 Conjure Ball Lightning   Conj/Air       31%        3x3d10    26%         6
 Summon Forest            Summ/Tloc      17%        N/A       34%         5
 Silence                  Hex/Air        15%        N/A       41%         5
 Yara's Violent Unravell  Hex/Tmut       15%        3d8       41%         5
 Ignition                 Fire           40%        3d12      85%         8
 Eringya's Noxious Bog    Tmut/Pois      10%        N/A       99%         6
 Lehudib's Crystal Spear  Conj/Erth      34%        10d9      99%         8
 Storm Form               Tmut/Air       10%        N/A       100%        7
 Summon Hydra             Summ           10%        N/A       100%        7


Dungeon Overview and Level Annotations

Branches:
Dungeon (12/15)            Temple (1/1) D:7            Lair (6/6) D:8
 Shoals (0/4) Lair:4        Snake (1/4) Lair:3        Slime (0/5) Lair:5
    Orc (2/2) D:10            Elf (0/3) Orc:2

Altars:
Ashenzari
Cheibriados
Dithmenos
Elyvilon
Fedhas
Gozag
Hepliaklqana
Kikubaaqudgha
Makhleb
Nemelex Xobeh
Okawaru
Qazlal
Ru
Sif Muna
Trog
Uskayaw
Vehumet
Wu Jian
Xom
Yredelemnul
Zin
The Shining One
Beogh
Jiyva
Lugonu

Shops:
D:1 :   D:3 (:*?[   D:6 (   D:7 (   Orc:2 ([*=

Portals:
Abyss: Lair:6
Trove: D:11 (give 6 potions of haste)


Innate Abilities, Weirdness & Mutations

You cannot wear most types of armour.
You are amphibious.
You can wear up to eight rings at the same time.
Your skin changes colour to match your surroundings (Stealth+).
Your rubbery body absorbs attacks. (AC +1, EV +1)
((You are camouflaged near water. (Stealth+)))
You have tentacles for arms and can constrict up to eight enemies at once.


Message History

A wave of flame ripples out!
The flame wave engulfs the naga!!
You kill the naga!
Sif Muna accepts your kill.
You feel sick.
You hear a shout!
The naga mage spits poison at you. The splash of poison hits you.
You are more poisoned.
The naga spits poison at you. The splash of poison hits you!
You are more poisoned.
The naga spits poison at you.
The splash of poison hits you but does no damage.
You are more poisoned.
A wave of flame ripples out!
The flame wave engulfs the naga warrior!!
The naga warrior is moderately wounded.
The flame wave engulfs the naga!!
The naga is severely wounded.
The flame wave engulfs the naga!!
You kill the naga!
Sif Muna accepts your kill.
You finish channelling waves of flame.
You feel very sick.
You hear a shout!
The naga mage points at the naga and mumbles some strange words.
The naga seems to grow toxic.
The naga warrior hits you from afar with a +1 halberd of pain!
* * * LOW HITPOINT WARNING * * *
The naga spits poison at you.
The splash of poison hits you but does no damage.
You are lethally poisoned!
You have difficulty breathing.
* * * LOW HITPOINT WARNING * * *
You feel yourself slow down.
Okay, then.
Blink to where?
Press: ? - help, Dir - move target
As you read the scroll of blinking, it crumbles to dust.
You die...

...... ....######
#NN......###
..........
(N.....#
##......# #.§)..#
..####°.†.##
#...N○)@...###♣..
.....##.......∩.N
..##. ######.#♣..
. # #


You could see a naga warrior and 2 nagas.

Vanquished Creatures
  11 hydras
  Erolcha (Orc:1)
  2 catoblepae
  2 two-headed ogres
  Urug (Lair:5)
  5 orc high priests
  3 thrashing horrors (Lair:6)
  A sixfirhy (D:11)
  Pikel (D:6)
  5 orc knights
  An ugly thing (Lair:6)
  4 orc sorcerers
  Maurice (D:8)
  15 elephants
  A guardian serpent (shapeshifter) (Lair:6)
  A guardian serpent (Snake:1)
  Joseph (D:7)
  2 torpor snails
  2 black mambas
  3 smoke demons (Lair:6)
  10 cane toads
  An unseen horror (D:10)
  2 rime drakes
  4 komodo dragons
  3 ancient zymes (Lair:6)
  A meliai (shapeshifter) (Lair:6)
  2 trolls
  3 polar bears
  Prince Ribbit (D:8)
  38 blink frogs
  4 dream sheep (Lair:6)
  A ynoxinul (Lair:6)
  22 yaks
  2 fire bats (Orc:2)
  2 steam dragons
  Grum (D:10)
  10 small abominations (Lair:6)
  Menkaure (D:6)
  7 basilisks
  5 wyverns
  A large abomination (Lair:6)
  6 vampire mosquitoes (D:11)
  3 nagas (Snake:1)
  2 wargs
  Edmund (D:6)
  2 acid dragons
  8 water moccasins
  Duvessa (D:7)
  2 sky beasts
  32 orc warriors
  An ice beast (D:6)
  4 necrophages
  7 wolves
  11 ogres
  2 centaurs (D:7)
  A lemure (D:6)
  A phantom (D:4)
  7 kobold brigands
  A gnoll sergeant (D:11)
  15 bullfrogs
  2 scorpions
  A water moccasin zombie (D:5)
  Dowan (D:7)
  10 killer bees
  An electric eel (Lair:4)
  12 wights
  A howler monkey (D:5)
  7 centaur zombies
  A bullfrog zombie (D:7)
  A hound (D:5)
  A jelly (D:8)
  A centaur skeleton (D:7)
  24 orc priests
  5 gnoll shamans (D:7)
  A bullfrog skeleton (D:6)
  3 iguanas
  31 orc wizards
  A killer bee zombie (D:6)
  A hound skeleton (D:6)
  3 howler monkey zombies
  14 gnolls
  5 adders
  2 white imps
  An adder skeleton (D:4)
  A worm (D:2)
  A dart slug (D:4)
  63 orcs
  6 endoplasms
  3 giant cockroaches
  8 goblins
  6 hobgoblins
  4 jackals (D:2)
  3 quokkas
  4 ball pythons
  7 bats
  4 frilled lizards
  32 kobolds
  3 rats
  A bush (Lair:6)
  A butterfly (D:7)
568 creatures vanquished.

Vanquished Creatures (collateral kills)
  7 foxfires
7 creatures vanquished.

Vanquished Creatures (others)
  A blink frog (Lair:6)
  1836 foxfires
  39 fungi
  38 plants
1914 creatures vanquished.

Grand Total: 2489 creatures vanquished

Notes
Turn   | Place    | Note
-------+----------+-------------------------------------------
     0 | D:1      | Conn the Octopode Fire Elementalist began the quest for the
                  | Orb.
     0 | D:1      | Reached XP level 1. HP: 11/11 MP: 3/3
   275 | D:1      | Found Jablaz's Book Shoppe.
   279 | D:1      | Reached XP level 2. HP: 17/17 MP: 5/5
  1009 | D:2      | Reached XP level 3. HP: 16/21 MP: 0/6
  2017 | D:2      | Reached XP level 4. HP: 27/27 MP: 8/8
  2348 | D:3      | Found an ornate altar of the Wu Jian Council.
  2499 | D:3      | Found Punepruo's Book Emporium.
  2777 | D:3      | Found Yguiz's General Store.
  2834 | D:3      | Found Zugant's Magic Scroll Shoppe.
  2837 | D:3      | Found Vuoqiqec's Antique Armour Shoppe.
  2947 | D:3      | Reached skill level 1 in Short Blades
  3076 | D:3      | Found Wyewniu's Antique Weapon Boutique.
  3212 | D:3      | Noticed a sky beast
  3221 | D:3      | Killed a sky beast
  3222 | D:3      | Reached skill level 2 in Conjurations
  3222 | D:3      | Reached XP level 5. HP: 31/31 MP: 1/10
  3646 | D:4      | Noticed a phantom
  3655 | D:4      | Killed a phantom
  3656 | D:4      | Reached XP level 6. HP: 26/36 MP: 3/11
  4266 | D:4      | Learned a level 3 spell: Conjure Flame
  4270 | D:4      | Learned a level 3 spell: Inner Flame
  4275 | D:4      | Learned a level 4 spell: Flame Wave
  4294 | D:5      | Entered Level 5 of the Dungeon
  4510 | D:5      | Found a stormy altar of Qazlal.
  4583 | D:5      | Reached skill level 3 in Conjurations
  4583 | D:5      | Reached XP level 7. HP: 42/42 MP: 6/13
  5237 | D:5      | Reached skill level 5 in Stealth
  5516 | D:6      | Noticed Menkaure
  5524 | D:6      | Killed Menkaure
  5525 | D:6      | Reached XP level 8. HP: 47/47 MP: 8/15
  5617 | D:6      | Found a shimmering blue altar of Sif Muna.
  5626 | D:6      | Became a worshipper of Sif Muna the Loreminder
  5681 | D:6      | Reached skill level 5 in Spellcasting
  5681 | D:6      | Reached skill level 5 in Fire Magic
  5722 | D:6      | Noticed Pikel
  5735 | D:6      | Killed Pikel
  5736 | D:6      | Reached skill level 4 in Conjurations
  5736 | D:6      | Reached skill level 1 in Hexes
  5751 | D:6      | Reached skill level 1 in Fighting
  5865 | D:6      | Found Bakkog's Weapon Shop.
  5932 | D:6      | Found an opulent altar of Gozag.
  6078 | D:6      | Reached skill level 5 in Conjurations
  6078 | D:6      | Reached XP level 9. HP: 53/53 MP: 7/18
  6284 | D:6      | Noticed Edmund
  6295 | D:6      | Killed Edmund
  6424 | D:6      | Found a burning altar of Makhleb.
  6658 | D:7      | Noticed Joseph
  6658 | D:7      | Found a staircase to the Ecumenical Temple.
  6781 | D:7      | Noticed Duvessa
  6781 | D:7      | Noticed Dowan
  6826 | D:6      | Learned a level 4 spell: Sticky Flame
  6829 | D:6      | Learned a level 2 spell: Scorch
  6878 | D:7      | Killed Dowan
  6883 | D:7      | Killed Duvessa
  6884 | D:7      | Reached skill level 1 in Long Blades
  6938 | D:7      | Killed Joseph
  6966 | Temple   | Entered the Ecumenical Temple
  7197 | D:7      | Found a hide-covered altar of Uskayaw.
  7304 | D:7      | Reached * piety under Sif Muna
  7469 | D:7      | Reached XP level 10. HP: 60/60 MP: 21/21
  7722 | D:7      | Reached skill level 6 in Conjurations
  8133 | D:7      | Found Siaviof's Antique Weapon Shop.
  8183 | D:8      | Noticed Prince Ribbit
  8193 | D:8      | Learned a level 3 spell: Stone Arrow
  8234 | D:8      | Found a staircase to the Lair.
  8262 | D:8      | Reached ** piety under Sif Muna
  8307 | D:8      | Identified the +2 robe "Zeqehog" {rPois Int+4}
  8326 | D:8      | Found a glowing golden altar of the Shining One.
  8440 | D:8      | Reached skill level 1 in Invocations
  8530 | D:8      | Reached skill level 1 in Earth Magic
  8612 | D:8      | Learned a level 4 spell: Iskenderun's Mystic Blast
  8691 | D:8      | Found an iron altar of Okawaru.
  8702 | D:8      | You fall into a shaft and drop 1 floor!
  8834 | D:9      | Found a broken altar of Ashenzari.
  9243 | D:9      | Found a basalt altar of Yredelemnul.
  9311 | D:8      | Killed Prince Ribbit
  9463 | D:8      | Noticed Maurice
  9536 | D:8      | Killed Maurice
  9559 | D:8      | Identified the +7 spear of Bocy {protect, rF+}
  9814 | D:9      | Reached *** piety under Sif Muna
 10125 | D:10     | Entered Level 10 of the Dungeon
 10143 | D:10     | Reached XP level 11. HP: 65/65 MP: 23/23
 10363 | D:10     | Reached skill level 1 in Polearms
 10457 | D:10     | Noticed a two-headed ogre
 10460 | D:10     | Reached skill level 7 in Conjurations
 10478 | D:10     | Killed a two-headed ogre
 10572 | D:10     | Found a staircase to the Orcish Mines.
 10947 | D:11     | Found a portal to a secret trove of treasure.
 11471 | D:11     | Found a runed translucent door.
 11471 | D:11     | Noticed a sixfirhy
 11720 | D:11     | Noticed a two-headed ogre
 11861 | D:11     | Killed a two-headed ogre
 11955 | D:12     | Noticed a cyclops
 11955 | D:12     | Noticed a cyan ugly thing
 12012 | Orc:1    | Entered Level 1 of the Orcish Mines
 12026 | Orc:1    | Reached **** piety under Sif Muna
 12028 | Orc:1    | Noticed Erolcha
 12035 | Orc:1    | Killed Erolcha
 12048 | Orc:1    | Reached skill level 8 in Conjurations
 12308 | Orc:1    | Noticed an orc sorcerer
 12317 | Orc:1    | Killed an orc sorcerer
 12318 | Orc:1    | Reached skill level 5 in Invocations
 12601 | Orc:2    | Entered Level 2 of the Orcish Mines
 12611 | Orc:2    | Reached XP level 12. HP: 72/72 MP: 25/25
 12868 | Orc:2    | Found a staircase to the Elven Halls.
 12893 | Orc:2    | Noticed an orc high priest
 12894 | Orc:2    | Noticed an orc high priest
 12924 | Orc:2    | Killed an orc high priest
 12934 | Orc:2    | Killed an orc high priest
 12934 | Orc:2    | Noticed an orc high priest
 12956 | Orc:1    | Reached skill level 9 in Conjurations
 12964 | Orc:1    | HP: 4/108 [orc warrior (15)]
 12966 | Orc:1    | Noticed an orc high priest
 12980 | Orc:1    | Reached ***** piety under Sif Muna
 12983 | Orc:1    | Killed an orc high priest
 13002 | Orc:1    | Reached skill level 5 in Dodging
 13684 | Orc:2    | Paralysed by an orc sorcerer for 2 turns
 13688 | Orc:2    | Noticed an orc warlord
 13869 | Orc:2    | Received a gift from Sif Muna
 13872 | Orc:2    | Got Taiciw's Grimoire of Earthen Flight {god gift}
 14008 | Orc:2    | Reached skill level 10 in Spellcasting
 14440 | Orc:2    | Killed an orc high priest
 14479 | Orc:2    | Reached skill level 10 in Conjurations
 14777 | Orc:2    | Reached skill level 1 in Translocations
 15008 | Orc:2    | Found Ehenodis's General Store.
 15008 | Orc:2    | Found Veschac's Antique Armour Shop.
 15008 | Orc:2    | Found Coafyix's Jewellery Boutique.
 15008 | Orc:2    | Found Etziyzod's Antique Weapon Shop.
 15033 | Orc:2    | Bought a +4 ring of protection for 360 gold pieces
 15033 | Orc:2    | Bought a +6 ring of intelligence for 585 gold pieces
 15042 | Orc:2    | Learned a level 6 spell: Dispersal
 15047 | Orc:2    | Bought a +1 buckler of positive energy for 216 gold pieces
 15347 | D:10     | Noticed Grum
 15354 | D:10     | Reached XP level 13. HP: 73/78 MP: 27/27
 15355 | D:10     | Killed Grum
 15985 | Lair:1   | Entered Level 1 of the Lair of Beasts
 16274 | Lair:1   | Identified the +4 ring mail "Trusted Companion" {rN+ Str+3
                  | Int-5 Dex+8}
 16963 | Lair:2   | Reached skill level 11 in Conjurations
 17846 | Lair:3   | Received a gift from Sif Muna
 17847 | Lair:3   | Reached skill level 10 in Fire Magic
 18438 | Lair:3   | Got Sif Muna's Catalogue of the Blessed Realm {god gift}
 18619 | Lair:3   | Found a staircase to the Snake Pit.
 19161 | Lair:4   | Reached skill level 12 in Conjurations
 19275 | Lair:4   | Reached XP level 14. HP: 18/84 MP: 22/29
 19964 | Lair:4   | Found a staircase to the Shoals.
 20055 | Lair:4   | Found a runed translucent door.
 20547 | Lair:5   | Noticed Urug
 20564 | Lair:5   | Killed Urug
 21033 | Lair:5   | Received a gift from Sif Muna
 21036 | Lair:5   | Got Sigocwib's Collected Works on Arcane Weapons {god gift}
 21043 | Lair:5   | Learned a level 5 spell: Fireball
 21271 | Lair:5   | Found a viscous altar of Jiyva.
 21271 | Lair:5   | Found a staircase to the Slime Pits.
 21550 | Lair:6   | Entered Level 6 of the Lair of Beasts
 21871 | Lair:6   | Reached skill level 13 in Conjurations
 23142 | Lair:6   | Found a one-way gate to the infinite horrors of the Abyss.
 23171 | Lair:6   | Reached XP level 15. HP: 90/90 MP: 22/31
 23373 | Lair:6   | Found a corrupted altar of Lugonu.
 23868 | D:3      | Bought a slimy broad axe for 207 gold pieces
 23868 | D:3      | Identified the +10 broad axe "Viusmieps" {flame, Str+2
                  | Stlth+} (You bought it in a shop on level 3 of the Dungeon)
 23880 | D:3      | Identified a scroll of acquirement
 23880 | D:3      | Acquired the ring "Ucuogaump" {Str+3 Int+6 Dex-3 Slay+4
                  | Stlth+}
 24127 | Orc:2    | Bought a masterwork halberd for 306 gold pieces
 24127 | Orc:2    | Identified the +4 halberd "Seiqogg" {vorpal, rCorr Dex+4}
                  | (You bought it in a shop on level 2 of the Orcish Mines)
 24454 | Snake:1  | Entered Level 1 of the Snake Pit
 24472 | Snake:1  | Reached skill level 1 in Shields
 24479 | Snake:1  | Succumbed to naga's concentrated venom

Illustrated notes

Levels and vault maps discovered:
D:1:      dpeg_arrival_rooms_with_view, layout_loops_cross, serial_shops, shop,
          kennysheep_nondescript, chequers_serial_rivers_large_b
D:2:      layout_basic
D:3:      layout_basic, nicolae_wu_jian_wuxing_cycle, serial_shops, shop,
          nicolae_shop_waterfront, shop, shop, nicolae_shop_overgrown_old_shop,
          hangedman_feature_mirror
D:4:      layout_rooms
D:5:      layout_gridville, mainiacjoe_overflow_concentric_impassable
D:6:      layout_basic, general_overflow_altar,
          mainiacjoe_overflow_cross_hatched, makhleb_blood_cavern_becter,
          serial_shops, nicolae_stop_n_shop_2, kennysheep_generic_room_7,
          uniq_menkaure, uniq_pikel, uniq_edmund
D:7:      kennysheep_seaside_town, layout_rooms, mainiacjoe_overflow_24_doors,
          minmay_temple_entry_butterflies, serial_shops,
          nicolae_shop_behind_doors, uniq_duvessa, uniq_joseph
D:8:      layout_loops_ring, mainiacjoe_overflow_catwalk, okawaru_gym_becter,
          dpeg_oklobed_lair, serial_undead, serial_undead_e, serial_undead_d,
          serial_undead_e, serial_undead_c, uniq_maurice, uniq_prince_ribbit1
D:9:      layout_basic, mainiacjoe_overflow_chevrons,
          nicolae_overflow_crystal_walls
D:10:     layout_basic, orc_0_dummy, uniq_grum
D:11:     cheibrodos_shockbox, layout_loops_ring, trove_entry_hex_spiral
D:12:     layout_basic, uniq_josephine
Temple:   nicolae_temple_hex_pool
Lair:1:   gammafunk_indiana_jones, layout_cave_shapes, serial_bayou_shore_b,
          grunt_megastairs_2
Lair:2:   layout_cave_pods, grunt_megastairs_4
Lair:3:   layout_regular_city, dummy_snake_entry, grunt_megastairs_1,
          infiniplex_staircase_pool_2
Lair:4:   layout_misc_corridors, elwin_shoals_entry_rooms, pf_torpor_hydra
Lair:5:   layout_regular_city, dpeg_slime_entry_enclosed_altar,
          serial_bayou_shore_b, uniq_urug
Lair:6:   hellmonk_lair_end_abyssal_woods, layout_regular_city,
          infiniplex_staircase_pool, grunt_megastairs_3
Snake:1:  layout_onion, ebering_ghost_gozag, minmay_shop_grove, uniq_aizul
Orc:1:    layout_caves, uniq_erolcha
Orc:2:    st_orc_congregation, layout_caves, basic_altar, nicolae_orc_lava_tube

Skill      XL: |  1  2  3  4  5  6  7  8  9 10 11 12 13 14 15 |
---------------+----------------------------------------------+-----
Stealth        | 3 4 5 6 7 8 |  8.2
Short Blades   | 1 2 |  2.4
Spellcasting   | 3 4 6 7 8 9 10 11 12 | 12.2
Conjurations   | 2 3 5 6 8 10 12 13 | 13.4
Fire Magic     | 4 5 6 7 8 9 10 11 | 11.5
Hexes          | 1 2 |  2.8
Fighting       | 1 2 3 |  3.9
Dodging        | 3 4 5 |  5.7
Long Blades    | 3 |  3.9
Invocations    | 3 5 6 8 9 |  9.8
Earth Magic    | 3 |  3.5
Polearms       | 2 3 |  3.6
Translocations | 1 3 |  3.7
Shields        | 1 |  1.1
Staves         | |  0.1

Action                   |  1- 3 |  4- 6 |  7- 9 | 10-12 | 13-15 || total
-------------------------+-------+-------+-------+-------+-------++-------
Melee: Short sword       |    24 |    29 |     4 |    13 |       ||    70
       Constrict         |     5 |     7 |     7 |    22 |    10 ||    51
       Tentacles         |     3 |     4 |    10 |    23 |     6 ||    46
       Falchion          |       |       |    33 |    38 |       ||    71
       Spear             |       |       |       |    94 |    26 ||   120
       Staff             |       |       |       |     4 |    44 ||    48
Throw: Dart              |       |       |       |     1 |     1 ||     2
 Cast: Foxfire           |    67 |   101 |   140 |   374 |   372 ||  1054
       Inner Flame       |       |       |     5 |    18 |    25 ||    48
       Flame Wave        |       |       |     5 |    65 |    60 ||   130
       Sticky Flame      |       |       |     1 |       |     1 ||     2
       Stone Arrow       |       |       |       |    10 |     3 ||    13
       Conjure Flame     |       |       |       |     5 |       ||     5
       Iskenderun's Myst |       |       |       |    14 |    16 ||    30
       Scorch            |       |       |       |     1 |     1 ||     2
       Fireball          |       |       |       |       |    17 ||    17
Invok: Channel Magic     |       |       |       |     1 |     1 ||     2
Evoke: Wand              |       |       |       |     1 |     1 ||     2
  Use: Scroll            |       |       |    13 |    11 |    14 ||    38
       Potion            |       |       |     3 |     9 |       ||    12
 Stab: Sleeping          |     7 |     3 |     3 |     7 |     3 ||    23
       Distracted        |       |       |       |     1 |     2 ||     3
Armor: Skin              |     5 |    12 |    20 |    83 |    49 ||   169
Dodge: Dodged            |    29 |    19 |    73 |   272 |   132 ||   525
Block: Buckler           |       |       |       |       |    31 ||    31

Table legend: (Time is in decaauts)
 A = Elapsed time spent in this place.
 B = Non-inter-level travel time spent in this place.
 C = Inter-level travel time spent in this place.
 D = Time resting spent in this place.
 E = Time spent auto-exploring this place.
 F = Levels seen in this place.
 G = Mean time per level.
                   A        B        C        D        E       F      G
               +--------+--------+--------+--------+--------+-----+--------+
         Total |  24517 |  22922 |   1595 |   1138 |  15682 |  22 | 1114.4 |
       Dungeon |  13266 |  12105 |   1161 |    284 |   8843 |  12 | 1105.5 |
        Temple |     55 |     55 |      0 |      0 |      0 |   1 |   55.0 |
          Lair |   7723 |   7397 |    326 |    206 |   5614 |   6 | 1287.2 |
     Snake Pit |     24 |     24 |      0 |      0 |      0 |   1 |   24.0 |
  Orcish Mines |   3447 |   3340 |    107 |    648 |   1225 |   2 | 1723.5 |
               +--------+--------+--------+--------+--------+-----+--------+

Top non-repeatable levels by time:
   Orc:2: 2061 daAuts
  Lair:6: 1957 daAuts
     D:6: 1482 daAuts
   Orc:1: 1386 daAuts
     D:3: 1385 daAuts
    D:11: 1378 daAuts
     D:2: 1373 daAuts
  Lair:3: 1342 daAuts
  Lair:4: 1299 daAuts
     D:5: 1274 daAuts
  Lair:2: 1251 daAuts
     D:7: 1245 daAuts
  Lair:5: 1165 daAuts
     D:9: 1126 daAuts
    D:10: 1119 daAuts
